 Dungeon Crawl Stone Soup version 0.17-a0-1804-gf6433eb (webtiles) character file.

116 Neuromancien059 the Cudgeler (level 4, -3/41 HPs)
             Began as a Minotaur Berserker on Sept 11, 2015.
             Was a Believer of Trog.
             Slain by a gnoll
             ... wielding a +0 flail
              (13 damage)
             ... on level 3 of the Dungeon.
             The game lasted 00:21:23 (1637 turns).

Neuromancien059 the Cudgeler (Minotaur Berserker)   Turns: 1637, Time: 00:21:24

Health: -3/41      AC:  3    Str: 21    XL:     4   Next: 69%
Magic:  3/3        EV: 12    Int:  4    God:    Trog [**....]
Gold:   149        SH:  0    Dex: 11    Spells: 0 memorised, 3 levels left

rFire  . . .     SeeInvis .     i - +0 mace
rCold  . . .     Clarity  .     j - +0 leather armour
rNeg   . . .     SustAt   .     (no shield)
rPois  .         Gourm    +     (helmet restricted)
rElec  .         Spirit   .     (no cloak)
rCorr  .         Warding  .     (no gloves)
rMut   .         Stasis   .     (no boots)
MR     ++...                    u - amulet of the gourmand
Stlth  +.........               (no ring)
                                (no ring)

@: lethally poisoned (-3 -> -3), exhausted, regenerating, slowed, very slow,
very resistant to hostile enchantments, very unstealthy
A: retaliatory headbutt, horns 2
a: Burn Spellbooks, Berserk, Trog's Hand, Renounce Religion


You were on level 3 of the Dungeon.
You worshipped Trog.
Trog was pleased with you.
You were near starving.

You visited 1 branch of the dungeon, and saw 3 of its levels.

You collected 149 gold pieces.

Inventory:

Hand weapons
 a - a +0 mace
 i - a +0 mace (weapon)
Armour
 b - a +0 animal skin
 j - a +0 leather armour (worn)
Jewellery
 u - an amulet of the gourmand (around neck)
Magical devices
 m - a wand of teleportation (1)
Scrolls
 e - 2 scrolls of magic mapping {unknown}
 f - a scroll of blinking {unknown}
 h - a scroll of immolation {unknown}
 k - a scroll of fog {unknown}
 o - a scroll of teleportation {unknown}
 q - 2 scrolls of noise {unknown}
 v - a scroll of amnesia {unknown}
 w - a scroll of enchant weapon {unknown}
Potions
 d - 3 potions of curing {unknown}
 g - 3 potions of flight {unknown}
 l - a potion of invisibility {unknown}
 n - a potion of degeneration {unknown}
 r - a potion of mutation {unknown}
 s - a potion of agility {unknown}
Comestibles
 c - a bread ration
 p - 4 fruits
 t - a royal jelly
 x - 12 chunks of flesh


   Skills:
 + Level 4.5 Fighting
 + Level 4.7 Maces & Flails
 + Level 2.9 Armour
 + Level 3.5 Dodging


You had 3 spell levels left.
You didn't know any spells.

Dungeon Overview and Level Annotations

Branches:
Dungeon (3/15)

Altars:
Gozag
Kikubaaqudgha


Innate Abilities, Weirdness & Mutations

You reflexively headbutt those who attack you in melee.
You have a pair of horns on your head.


Message History

You see here 2 stones.
You feel sick.
Use which ability?
A red film seems to cover your vision as you go berserk!
You feel yourself moving faster!
You feel mighty!
You feel somewhat more hungry.
The gnoll throws a stone.
The stone misses you.
You are too injured to fight recklessly!
You feel a strong urge to attack something.
The gnoll throws a stone.
The stone barely misses you.
The gnoll throws a stone.
The stone hits you but does no damage.
You see here a stone.
You feel your anger subside.
You are no longer berserk.
You are exhausted.
You feel yourself slow down.
You are near starving!
You see here 2 stones.
You feel the effects of Trog's Hand fading.
You feel sick. The gnoll barely misses you. The gnoll hits you with a flail!
You die...

.##.# #.##^# .##.####.##.#
.. .##......##.### #.#
+##########...# #.# ..##
###.# #.# ...## ####.# #.#
# ....## ##.##.# #.#####..
.....####...#.####........
.....'....((..((@g........
.....####...#.####..#.#..
....## ##....# #).# ...##
#.#### #..# # ..## #.#
#..###.#.# '## #.#
#........# .# #.#
##.......# .#### #.#
#####g### ....# #.# .#


You could see a gnoll.

Vanquished Creatures
  4 adders
  3 gnolls (D:3)
  An ooze (D:1)
  A giant gecko (D:2)
  7 hobgoblins
  8 jackals
  7 kobolds
  4 bats
  3 giant newts (D:1)
  5 goblins
  7 rats
50 creatures vanquished.

Notes
Turn   | Place    | Note
--------------------------------------------------------------
     0 | D:1      | Neuromancien059 the Minotaur Berserker began the quest for the Orb.
     0 | D:1      | Reached XP level 1. HP: 19/19 MP: 0/0
   277 | D:1      | Reached XP level 2. HP: 18/27 MP: 1/1
   281 | D:1      | Reached skill level 4 in Maces & Flails
   623 | D:1      | Acquired Trog's second power
   854 | D:2      | Reached XP level 3. HP: 29/33 MP: 2/2
   907 | D:2      | Found an ancient bone altar of Kikubaaqudgha.
  1116 | D:2      | Found an opulent altar of Gozag.
  1154 | D:2      | Found a faded altar to an unknown god.
  1157 | D:2      | Reached XP level 4. HP: 23/40 MP: 3/3
  1637 | D:3      | Slain by a gnoll

Vault maps used:
D:1:      elethiomel_arrival_infinity_welcomes_careful_drivers
D:2:      kiku_gazebo_garden_becter, lemuel_crystal_altar, ecumenical_altar_2,
          kennysheep_potato
D:3:      first_bread, nicolae_gozag_zags_fifth_avenue

Action                   |  1- 3 |  4- 6 || total
-------------------------+-------+-------++-------
Melee: Mace              |    97 |    21 ||   118
Invok: Trog's Hand       |     1 |     1 ||     2
       Berserk           |       |     1 ||     1
  Eat: Chunk             |     1 |     1 ||     2
